 Dungeon Crawl Stone Soup version 0.24-a0-244-ga6a6ab7 (webtiles) character file.

Game seed: 355842566511453170

28 Espgualade the Chiller (level 3, 0/19 HPs)
             Began as a Tengu Ice Elementalist on Apr 10, 2019.
             Succumbed to an adder's poison
             ... on level 2 of the Dungeon.
             The game lasted 00:02:04 (832 turns).

Espgualade the Chiller (Tengu Ice Elementalist)      Turns: 832, Time: 00:02:04

Health: 0/19       AC:  2    Str:  8    XL:     3   Next: 14%
Magic:  4/7        EV: 12    Int: 16    God:
Gold:   79         SH:  0    Dex: 12    Spells: 3/6 levels left

rFire    . . .     SeeInvis .   b - +0 short sword
rCold    . . .     Gourm    .   (no shield)
rNeg     . . .     Faith    .   a - +0 robe
rPois    .         Spirit   .   (helmet restricted)
rElec    .         Reflect  .   (no cloak)
rCorr    .         Harm     .   (no gloves)
MR       .....                  (boots unavailable)
Stlth    ++........             (no amulet)
HPRegen  0.06/turn              (no ring)
MPRegen  0.10/turn              (no ring)

@: lethally poisoned (0 -> -3), very slightly contaminated, invisible
A: beak, talons 3, clumsy 1, wild magic 1
a: no special abilities


You were on level 2 of the Dungeon.
You were not hungry.

You visited 1 branch of the dungeon, and saw 2 of its levels.

You collected 79 gold pieces.

Inventory:

Hand Weapons
 b - a +0 short sword (weapon)
Armour
 a - a +0 robe (worn)
Potions
 d - a potion of cancellation
 e - a potion of mutation
Comestibles
 c - 6 rations


   Skills:
 - Level 2.1 Dodging
 - Level 2.0 Stealth
 - Level 2.0 Spellcasting
 - Level 1.3 Conjurations
 + Level 3.8 Ice Magic


You had 3 spell levels left.
You knew the following spells:

 Your Spells              Type           Power        Failure   Level  Hunger
a - Freeze                Ice            ###.         7%          1    #......
b - Throw Frost           Conj/Ice       ##....       16%         2    ###....

Your spell library contained the following spells:

 Spells                   Type           Power        Failure   Level  Hunger
 Ozocubu's Armour         Chrm/Ice       ##......     36%         3    ###....
 Throw Icicle             Conj/Ice       ##......     65%         4    #####..
 Summon Ice Beast         Ice/Summ       ##......     75%         4    #####..


Dungeon Overview and Level Annotations

Branches:
Dungeon (2/15)

Altars:
Uskayaw


Innate Abilities, Weirdness & Mutations

You have a beak for a mouth.
You have claws for feet.
You are clumsy. (Dex -2)
Your spells are a little harder to cast, but a little more powerful.


Message History

There is a lethal amount of poison in your body!
There is a lethal amount of poison in your body!
There is a lethal amount of poison in your body!
* * * LOW HITPOINT WARNING * * *
You feel sick.
You see here an adder corpse.
You see here an orange potion.
e - an orange potion
* * * LOW HITPOINT WARNING * * *
You feel sick.
It was a potion of invisibility.
You fade into invisibility!
You are very lightly contaminated with residual magic.
* * * LOW HITPOINT WARNING * * *
You feel sick.
You see here 2 emerald potions.
e - 2 emerald potions It was a potion of mutation.
You feel extremely strange.
You feel clumsy.
You feel less in control of your magic.
You die...

##.....## ##..
##.......### #.#..
#.......(..###...##.
+...................
#........8.......8..
#.....<............
##......8.......8..
##...#.†...)%.....
##+##.8..@_...8..
#....###....#
###........##
#######..# #


There were no monsters in sight!

Vanquished Creatures
  An adder (D:2)
  A leopard gecko (D:1)
  3 goblins (D:1)
  3 hobgoblins (D:1)
  6 frilled lizards
  4 kobolds (D:1)
  2 rats (D:1)
20 creatures vanquished.

Notes
Turn   | Place    | Note
-------+----------+-------------------------------------------
     0 | D:1      | Espgualade the Tengu Ice Elementalist began the quest for
                  | the Orb.
     0 | D:1      | Reached XP level 1. HP: 10/10 MP: 4/4
    65 | D:1      | Reached skill level 3 in Ice Magic
   236 | D:1      | Reached XP level 2. HP: 15/15 MP: 6/6
   786 | D:1      | Learned a level 2 spell: Throw Frost
   788 | D:2      | Found a hide-covered altar of Uskayaw.
   819 | D:2      | Reached XP level 3. HP: 4/19 MP: 3/7
   830 | D:2      | Gained mutation: You are clumsy. (Dex -2) [potion of
                  | mutation]
   830 | D:2      | Gained mutation: Your spells are a little harder to cast,
                  | but a little more powerful. [potion of mutation]
   832 | D:2      | Succumbed to an adder's poison

Levels and vault maps discovered:
D:1:      erik_arrival_blinker_ship, layout_rooms, moated_statue
D:2:      layout_loops_corners, nicolae_gozag_cash_rules_everything_around_me,
          eat_drink_and_be_merry_uskayaw, first_ration

Skill      XL: |  1 |
---------------+----+-----
Ice Magic      | 3 |  3.8
Dodging        | |  2.1
Stealth        | |  2.0
Spellcasting   | |  2.0
Conjurations   | |  1.3

Action                   || total
-------------------------++-------
Melee: Short sword       ||    14
       Kick              ||     1
       Peck              ||     3
 Cast: Freeze            ||    25
  Use: Scroll            ||     2
       Potion            ||     2
 Stab: Sleeping          ||     1
Armor: Robe              ||     5
Dodge: Dodged            ||    19

Table legend:
 A = Non-vault XP
 B = Vault XP
 C = Vault XP percentage of total XP
 D = Non-vault monster count
 E = Vault monster count
 F = Vault count percentage of total count
                 A         B        C        D         E       F
            +---------+---------+-------+---------+---------+-------
      Total |      41 |       0 |   0.0 |      20 |       0 |   0.0
            +---------+---------+-------+---------+---------+-------
        D:1 |      27 |       0 |   0.0 |      18 |       0 |   0.0
        D:2 |      14 |       0 |   0.0 |       2 |       0 |   0.0
            +---------+---------+-------+---------+---------+-------
